 Dungeon Crawl Stone Soup version 0.27-a0-1139-g28e009f8a6 (webtiles) character file.

Game seed: 16146106684886668256

2643 freelancePsychic the Thaumaturge (level 9, -5/66 HPs)
             Began as a Djinni Fire Elementalist on May 7, 2021.
             Was an Initiate of Gozag.
             Slain by a warg (14 damage)
             ... on level 7 of the Dungeon.
             The game lasted 00:17:23 (9687 turns).

freelancePsychic the Thaumaturge (DjFE)             Turns: 9687, Time: 00:17:24

Health: -5/66      AC:  6    Str:  7    XL:     9   Next: 62%
Gold:   91         EV: 12    Int: 19    God:    Gozag SH:  0 Dex: 15

rFire    + . .     SeeInvis .   (no weapon)
rCold    . . .     Faith    .   q - +1 buckler {reflect}
rNeg     . . .     Spirit   .   u - +0 steam dragon scales
rPois    ∞         Reflect  +   s - +0 helmet
rElec    .         Harm     .   (no cloak)
rCorr    .         Rampage  .   (no gloves)
Will     .....                  (boots unavailable)
Stlth    +.........             (no amulet)
HPRegen  0.21/turn              j - ring of ice
MPRegen  0.00/turn              (no ring)

@: confused, ambrosia-drunk, flying
A: sickness immunity, fire resistance 2, cold vulnerability 1, float, innate
caster, hp casting, extra vitality 1
a: Renounce Religion, Potion Petition, Call Merchant, Bribe Branch


You were on level 7 of the Dungeon.
You worshipped Gozag.
Gozag was noncommittal.
You visited 2 branches of the dungeon, and saw 9 of its levels.
You also visited: Sewer.

You collected 339 gold pieces.
You spent 157 gold pieces at shops.
You paid 91 gold pieces to Gozag.

Inventory:

Missiles
 d - 9 curare-tipped darts
 g - 2 throwing nets
Armour
 q - a +1 buckler of reflection (worn)
 s - a +0 helmet (worn)
 u - +0 steam dragon scales (worn)
Jewellery
 j - a ring of ice (left hand)
Wands
 r - a wand of flame (40)
Scrolls
 a - a scroll of enchant weapon {unknown}
 b - 2 scrolls of noise
 c - 3 scrolls of identify {@r1}
 k - 2 scrolls of fog
 n - a scroll of blinking {unknown}
 o - 2 scrolls of vulnerability {unknown}
Potions
 e - a potion of ambrosia
 f - a potion of invisibility {unknown}
 h - 2 potions of heal wounds {unknown}
 i - 2 potions of flight {unknown}
 l - 2 potions of lignification {unknown}
 m - a potion of might {unknown}
 p - a potion of berserk rage
 t - a potion of curing {unknown}
 v - a potion of brilliance {unknown}


   Skills:
 - Level 6.1 Fighting
 - Level 2.1 Dodging
 - Level 1.5 Stealth
 + Level 3.5 Shields
 * Level 9.2 Spellcasting


You had one spell level left.
You knew the following spells:

 Your Spells              Type           Power      Damage    Failure   Level
a - Foxfire               Conj/Fire      100%       2x1d9     1%          1
b - Sticky Flame          Conj/Fire      44%        2d6       1%          4
c - Vampiric Draining     Necr           22%        2d9       1%          3
d - Conjure Flame         Conj/Fire      44%        6-21      1%          3
e - Fireball              Conj/Fire      22%        3d10      4%          5
f - Shock                 Conj/Air       100%       1d9       1%          1
g - Wereblood             Tmut           44%        N/A       1%          2
h - Inner Flame           Hex/Fire       44%        N/A       1%          3
i - Call Canine Familiar  Summ           44%        N/A       1%          3
Your spell library was empty.

Dungeon Overview and Level Annotations

Branches:
Dungeon (8/15)             Temple (1/1) D:7           Sewer (visited)
   Lair: D:8-11

Altars:
Ashenzari
Cheibriados
Elyvilon
Gozag
Kikubaaqudgha
Nemelex Xobeh
Okawaru
Ru
Sif Muna
Vehumet
Wu Jian
Xom
Yredelemnul
The Shining One

Shops:
D:3 **!:=   D:5 (   D:6 [?*

Annotations:
D:7 Harold


Innate Abilities, Weirdness & Mutations

You are immune to sickness and miasma.
You are immune to poison.
Your flesh is very heat resistant. (rF++)
You are vulnerable to cold. (rC-)
You float through the air rather than walking.
You learn spells naturally, not from books.
Your magical power is your life essence.
You have superior vitality. (+4 HP)


Message History

Press: ? - help, Shift-Dir - straight line, f/p - orc warrior
Aim: an orc warrior, wielding a +0 short sword and wearing a +0 chain mail (almost dead)
You draw life force from the orc warrior!
You kill the orc warrior!
You feel life coursing into your body.
* * * LOW HITPOINT WARNING * * *
Casting: Vampiric Draining (safe; 1% risk of failure)
Confirm with . or Enter, or press ? or * to list all spells.
Aiming: Vampiric Draining (safe; 1% risk of failure)
Press: ? - help, Shift-Dir - straight line, f - warg
Aim: a warg You draw life force from the warg.
You feel life coursing into your body.
* * * LOW HITPOINT WARNING * * *
The warg pauses to sniff the ground.
The warg bites you!
* * * LOW HITPOINT WARNING * * *
Casting: Vampiric Draining (safe; 1% risk of failure)
Confirm with . or Enter, or press ? or * to list all spells.
Aiming: Vampiric Draining (safe; 1% risk of failure)
Press: ? - help, Shift-Dir - straight line, f/p - warg
Aim: a warg (lightly wounded)
You draw life force from the warg.
You feel life coursing into your body.
* * * LOW HITPOINT WARNING * * *
The warg completely misses you. The warg bites you but does no damage.
Casting: Vampiric Draining (safe; 1% risk of failure)
Confirm with . or Enter, or press ? or * to list all spells.
You conjure some foxfire!
* * * LOW HITPOINT WARNING * * *
The warg barely misses you.
You are confused.
You feel invigorated. The warg closely misses you.
You miss the warg.
The warg is moderately wounded.
The warg bites you!
* * * LOW HITPOINT WARNING * * *
The warg misses you.
You're too confused to move!
The warg bites you but does no damage.
You miss your foxfire. The warg bites you!
You die...
Your body crumbles into a pile of gold.

..####..# #...#.....#..#.....#
#.#.....#
#...#........#.###.###
).......#
#####...>..#.'.#>'.'.#
........#####
#......###.###.#.#
#.#.###≈≈≈≈≈# #......#
#.....#.## #.#.#
#≈###§###..##### ###'###...
#.#.# #§#_#§....o# #.# ####
..#.# #≈#'#≈#..#h# #.######
###.###≈≈.§§#..#@# #.......
#............#v##########......
###########..................#
..............##.###########.##
################..............#
#############.## ###


You could see a warg (ally target) and an orc.

Vanquished Creatures
  Grinder (D:3)
  2 steam dragons (D:6)
  2 orc warriors (D:7)
  A black bear (D:4)
  3 sky beasts
  An ogre (D:5)
  A necrophage (D:5)
  A kobold brigand (Sewer)
  A wyvern zombie (D:7)
  3 scorpions
  A howler monkey (D:5)
  4 wights (D:8)
  3 orc priests
  A gnoll shaman (D:5)
  A hound (D:4)
  3 jellies (D:6)
  A bullfrog skeleton (D:6)
  A centaur skeleton (D:5)
  5 iguanas
  Natasha (D:1)
  8 orc wizards
  A killer bee zombie (D:7)
  11 gnolls
  6 adders
  A howler monkey skeleton (D:6)
  A river rat (Sewer)
  A shadow imp (D:7)
  An ufetubus (D:4)
  A worm (D:4)
  3 dart slugs
  19 orcs
  12 ball pythons
  4 endoplasms
  5 giant cockroaches
  6 goblins
  9 hobgoblins
  9 jackals
  2 quokkas (D:5)
  4 bats
  2 frilled lizards (D:1)
  7 kobolds
  8 rats
158 creatures vanquished.

Vanquished Creatures (collateral kills)
  15 foxfires (D:2)
15 creatures vanquished.

Vanquished Creatures (others)
  332 foxfires
  23 plants
  A withered plant (D:3)
356 creatures vanquished.

Grand Total: 529 creatures vanquished

Notes
Turn   | Place    | Note
-------+----------+-------------------------------------------
     0 | D:1      | freelancePsychic the Djinni Fire Elementalist began the
                  | quest for the Orb.
     0 | D:1      | Reached XP level 1. HP: 15/15 MP: 0/0
   261 | D:1      | Reached skill level 3 in Spellcasting
   261 | D:1      | Reached XP level 2. HP: 16/22 MP: 0/0
   535 | D:1      | Reached skill level 1 in Fighting
  1144 | D:1      | Reached XP level 3. HP: 23/27 MP: 0/0
  1144 | D:1      | Learned a level 1 spell: Shock
  1866 | D:2      | Noticed Natasha
  1889 | D:1      | Killed Natasha
  1890 | D:1      | Reached XP level 4. HP: 3/33 MP: 0/0
  2523 | D:2      | Found a shimmering altar of Xom.
  2722 | D:3      | Found a faded altar of an unknown god.
  2920 | D:3      | Reached skill level 4 in Spellcasting
  3110 | D:3      | Found a glowing drain.
  3121 | D:3      | Reached XP level 5. HP: 33/38 MP: 0/0
  3121 | D:3      | Learned a level 2 spell: Wereblood
  3125 | Sewer    | Entered a sewer
  3293 | Sewer    | Noticed a kobold brigand
  3298 | Sewer    | Killed a kobold brigand
  3393 | Sewer    | Found a glowing silver altar of Zin.
  3525 | D:3      | Found Fuvototz's Jewellery Shoppe.
  3653 | D:3      | Noticed a sky beast
  3661 | D:3      | Killed a sky beast
  3662 | D:3      | Reached skill level 5 in Spellcasting
  3662 | D:3      | Reached XP level 6. HP: 19/46 MP: 0/0
  3855 | D:3      | Found Pimnaner's Distillery.
  3865 | D:3      | Noticed Grinder
  3877 | D:3      | Killed Grinder
  3878 | D:3      | Reached XP level 7. HP: 40/51 MP: 0/0
  3878 | D:3      | Learned a level 3 spell: Vampiric Draining
  3988 | D:3      | Found Lila's Book Shop.
  4004 | D:3      | Found Eklest's General Store.
  4108 | D:3      | Found Geckelue's General Store.
  4393 | D:4      | Reached skill level 6 in Spellcasting
  4847 | D:4      | Identified Sif Muna's Compendium of Venom
  5063 | D:4      | Reached XP level 8. HP: 46/58 MP: 0/0
  5458 | D:5      | Entered Level 5 of the Dungeon
  5507 | D:5      | Reached skill level 5 in Fighting
  5514 | D:5      | Reached skill level 7 in Spellcasting
  5937 | D:5      | Found Huwnouxint's Antique Weapon Boutique.
  6537 | D:6      | Found Xirchil's Assorted Antiques.
  6747 | D:6      | Reached skill level 8 in Spellcasting
  6790 | D:6      | Found Atwej's Antique Armour Shoppe.
  6991 | D:6      | Bought a shiny buckler for 157 gold pieces
  7087 | D:6      | Found Tuch's Magic Scroll Shop.
  7130 | D:6      | Reached skill level 1 in Shields
  7130 | D:6      | Reached XP level 9. HP: 47/66 MP: 0/0
  7130 | D:6      | Learned a level 3 spell: Call Canine Familiar
  7824 | D:7      | Found a staircase to the Ecumenical Temple.
  7904 | Temple   | Entered the Ecumenical Temple
  8359 | Temple   | Became a worshipper of Gozag Ym Sagoz the Greedy
  8393 | D:7      | Noticed Harold
  8421 | D:7      | Found a broken altar of Ashenzari.
  8965 | D:7      | Reached skill level 9 in Spellcasting
  9685 | D:7      | HP: 2/66 [warg (11)]
  9687 | D:7      | Slain by a warg

Illustrated notes

Levels and vault maps discovered:
D:1:      scummos_arrival_simple_fountains, layout_basic
D:2:      layout_rooms, basic_altar, serial_bayou, serial_bayou_lagoon_a,
          serial_bayou_pond_e, serial_bayou_pond_a, serial_bayou_lake_a,
          hangedman_decor_push, uniq_natasha
D:3:      layout_loops_ring, serial_shops, shop, shop, shop, shop_fountains,
          nicolae_shop_stone, portal_sewer_entry_a,
          ebering_ecumenical_altar_petrified, uniq_grinder
D:4:      layout_gridville, led_sif_book, roderic_roman_lattice,
          serial_bayou_ford_a, minmay_fountain_box
D:5:      layout_rooms, serial_shops, shop, kennysheep_generic_room_4
D:6:      layout_basic, serial_shops, shop, nicolae_shop_stone,
          nicolae_shop_trees
D:7:      layout_loops_ring, kennysheep_mini_moat,
          minmay_temple_entry_glassed_door, uniq_harold
D:8:      layout_loops_ring, minitemple, erik_lair_orcish_takeover,
          gammafunk_ghost_cemetery
Temple:   minmay_temple_forest_path

Skill      XL: |  1  2  3  4  5  6  7  8  9 |
---------------+----------------------------+-----
Spellcasting   | 3 4 5 6 8 9 |  9.2
Fighting       | 1 2 3 4 6 |  6.1
Shields        | 1 3 |  3.5
Dodging        | |  2.1
Stealth        | |  1.5

Action                   |  1- 3 |  4- 6 |  7- 9 || total
-------------------------+-------+-------+-------++-------
Melee: Unarmed           |       |       |     6 ||     6
 Cast: Foxfire           |    84 |    84 |    47 ||   215
       Sticky Flame      |       |     6 |    11 ||    17
       Vampiric Draining |       |       |   117 ||   117
       Fireball          |       |       |    10 ||    10
  Use: Scroll            |       |       |     4 ||     4
       Potion            |       |       |     1 ||     1
Armor: Robe              |     2 |     1 |    12 ||    15
       Steam dragon scal |       |       |     6 ||     6
Dodge: Dodged            |     9 |     9 |    63 ||    81
Block: Buckler           |       |       |     7 ||     7

Table legend: (Time is in decaauts)
 A = Elapsed time spent in this place.
 B = Non-inter-level travel time spent in this place.
 C = Inter-level travel time spent in this place.
 D = Time resting spent in this place.
 E = Time spent auto-exploring this place.
 F = Levels seen in this place.
 G = Mean time per level.
                   A        B        C        D        E       F      G
               +--------+--------+--------+--------+--------+-----+--------+
         Total |   9703 |   9480 |    223 |    812 |   7742 |  10 |  970.3 |
       Dungeon |   8918 |   8766 |    152 |    812 |   7093 |   8 | 1114.8 |
        Temple |    479 |    409 |     70 |      0 |    408 |   1 |  479.0 |
         Sewer |    305 |    305 |      0 |      0 |    241 |   1 |  305.0 |
               +--------+--------+--------+--------+--------+-----+--------+

Top non-repeatable levels by time:
     D:1: 1656 daAuts
     D:7: 1392 daAuts
     D:3: 1301 daAuts
     D:6: 1200 daAuts
     D:5: 1145 daAuts
     D:4: 1136 daAuts
     D:2: 1073 daAuts
  Temple: 479 daAuts
   Sewer: 305 daAuts
     D:8: 12 daAuts
